 Dungeon Crawl Stone Soup version 0.31-a0-182-gc5ef74bbde (webtiles) character file.

Game seed: 9771619444452735589

51 qw the Chopper (level 3, 0/23 HPs)
             Began as a Gargoyle Fighter on June 20, 2023.
             Slain by Robin
             ... wielding a +0 spear
              (2 damage)
             ... on level 2 of the Dungeon.
             The game lasted 00:00:27 (894 turns).

qw the Chopper (Gargoyle Fighter)                    Turns: 894, Time: 00:00:28

Health: 0/23       AC: 10    Str: 21    XL:     3   Next: 83%
Magic:  3/3        EV:  9    Int:  8    God:
Gold:   39         SH:  5    Dex: 15    Spells: 2/2 levels left

rFire   . . .        Y - +0 war axe
rCold   . . .        c - +0 buckler
rNeg    + . .        b - +0 scale mail
rPois   inf          (no helmet)
rElec   +            (no cloak)
rCorr   .            (no gloves)
SInv    .            (no boots)
Will    .....        (no amulet) Stlth
                     l - +6 ring of dexterity
HPRegen 0.23/turn    (no ring)
MPRegen 0.08/turn

%: no passive effects
@: no status effects
A: sickness immunity, AC +3, negative energy resistance 1, electricity
resistance, torment resistance 1, petrification resistance
a: no special abilities


You were on level 2 of the Dungeon.
You visited 1 branch of the dungeon, and saw 2 of its levels.

You collected 39 gold pieces.


Innate Abilities, Weirdness & Mutations

You are immune to sickness and miasma.
Your stone body is resilient. (AC +3)
You are immune to poison.
You resist negative energy. (rN+)
You are resistant to electric shocks. (rElec)
You are resistant to unholy torment.
You are immune to petrification.


   Skills:
 - Level 3.2 Fighting
 + Level 3.3 Axes
 - Level 3.2 Armour
 - Level 1.0 Dodging
 - Level 3.2 Shields


You had 2 spell levels left.
You didn't know any spells.
Your spell library was empty.

Inventory:

Hand Weapons
 h - a +0 whip
 Y - a +0 war axe (weapon)
Armour
 b - a +0 scale mail (worn)
 c - a +0 buckler (worn)
Jewellery
 l - a +6 ring of dexterity (left hand)
Potions
 d - a potion of might
 f - a potion of berserk rage {unknown}
 g - a potion of curing
 k - a potion of degeneration {unknown}

Dungeon Overview and Level Annotations

Branches:
Dungeon (2/15)

Altars:

Annotations:
D:2 Robin


Message History

You kill the goblin!
You hit the hobgoblin.
The hobgoblin no longer looks unusually strong.
The goblin hits you with a +0 dagger. Robin hits you but does no damage.
You block the hobgoblin's attack.
You hit the hobgoblin but do no damage.
The hobgoblin is almost dead.
You closely miss the hobgoblin. You slash the goblin!
You kill the goblin!
The hobgoblin no longer looks unusually strong.
The hobgoblin closely misses you. You block Robin's attack.
The hobgoblin misses you. The hobgoblin barely misses you.
Robin hits you but does no damage. The hobgoblin hits you.
Your Dodging skill increases to level 1!
You barely miss the hobgoblin.
The hobgoblin is almost dead.
You hit the hobgoblin.
The hobgoblin no longer looks unusually strong.
The hobgoblin barely misses you.
Robin roars a battlecry!
The hobgoblins go into a battle-frenzy!
You block the hobgoblin's attack.
You hit the hobgoblin.
You kill the hobgoblin!
You hit the hobgoblin. The hobgoblin barely misses you.
Robin hits you but does no damage. The hobgoblin hits you.
You block the hobgoblin's attack. Robin hits you but does no damage.
You barely miss the hobgoblin.
The hobgoblin is almost dead.
You barely miss the hobgoblin. The hobgoblin hits you.
The hobgoblin barely misses you.
Robin's bangles clink loudly.
Robin barely misses you.
You barely miss the hobgoblin.
The hobgoblin is almost dead.
You hit the hobgoblin.
You block the hobgoblin's attack. x2; Robin hits you but does no damage.
Robin hits you from afar with a +0 spear.
You die...

#...# #.<.# #...#
######.######
#...#...#...#
#.<.......<.#
#...#...#%..# #
######.#######..#.
.....#...#)@g......
...8...}..)8gg...##
.....#...#..g......
#######.########.##
..#...# # .>.....)
...#...#. #####.###
#...


You could see Robin and 3 hobgoblins.

Vanquished Creatures
  A gnoll (D:1)
  A dart slug (D:1)
  5 ball pythons
  An endoplasm (D:1)
  8 goblins
  9 hobgoblins
  3 bats
  A frilled lizard (D:1)
  A kobold (D:1)
  5 rats
35 creatures vanquished.

Notes
Turn   | Place    | Note
-------+----------+-------------------------------------------
     0 | D:1      | qw the Gargoyle Fighter began the quest for the Orb.
     0 | D:1      | Reached XP level 1. HP: 14/14 MP: 1/1
     0 | D:1      | 0 ||| qw: Version: 0.3-a-9-g12657ce
     0 | D:1      | 0 ||| qw: Game counter: 1334
     0 | D:1      | 0 ||| qw: Always use a shield: true
     0 | D:1      | 0 ||| qw: God list: Okawaru
     0 | D:1      | 0 ||| qw: Allow faded altars: false
     0 | D:1      | 0 ||| qw: Do Orc after D:15 true
     0 | D:1      | 0 ||| qw: Do second Lair branch before Depths: true
     0 | D:1      | 0 ||| qw: Lair rune preference: random
     0 | D:1      | 0 ||| qw: Plans: Normal, Zot:1-4, Slime:5, God:TSO, Crypt,
                  | Tomb, Abyss, Pan, Hells, Win
     0 | D:1      | 0 ||| PLANNING D:1-11
   187 | D:1      | Reached XP level 2. HP: 9/19 MP: 2/2
   300 | D:1      | Reached skill level 3 in Axes
   425 | D:1      | Reached XP level 3. HP: 23/23 MP: 3/3
   829 | D:1      | 829 ||| UPGRADING to +6 ring of dexterity.
   830 | D:1      | 830 ||| READING scroll labelled PAEVERIMAUL.
   833 | D:1      | 833 ||| READING scroll labelled XALEXONKIU.
   834 | D:1      | 834 ||| READING scroll labelled VUSTRU DISCHUDIU.
   835 | D:1      | 835 ||| READING scroll labelled DIERIOKHL JIOTI.
   836 | D:1      | 836 ||| READING scroll labelled JOFUIKHLILLI.
   837 | D:1      | 837 ||| READING scroll labelled ENYSIF ZARR.
   838 | D:1      | 838 ||| DRINKING 2 fuming golden potions.
   876 | D:2      | Noticed Robin
   891 | D:2      | Reached skill level 1 in Dodging
   892 | D:2      | HP: 3/23 [hobgoblin[Robin] (5)]
   894 | D:2      | Slain by Robin

Levels and vault maps discovered:
D:1:      erik_arrival_blinker_ship, layout_basic
D:2:      layout_basic, nicolae_elevator_lobby_plus, uniq_robin

Skill      XL: |  1  2  3 |
---------------+----------+-----
Axes           | 2 3 |  3.3
Dodging        | 1 |  1.0
Fighting       | |  3.2
Armour         | |  3.2
Shields        | |  3.2

Action                     || total
---------------------------++-------
  Melee: War axe           ||    69
    Use: Scroll            ||     6
         Potion            ||     1
 Armour: Scale mail        ||    45
  Dodge: Dodged            ||    41
  Block: Buckler           ||    20

Table legend:
 A = Non-vault XP
 B = Vault XP
 C = Vault XP percentage of total XP
 D = Non-vault monster count
 E = Vault monster count
 F = Vault count percentage of total count
                 A         B        C        D         E       F
            +---------+---------+-------+---------+---------+-------
      Total |      55 |      19 |  25.7 |      25 |      10 |  28.6
            +---------+---------+-------+---------+---------+-------
        D:1 |      50 |       0 |   0.0 |      21 |       0 |   0.0
        D:2 |       5 |      19 |  79.2 |       4 |      10 |  71.4
            +---------+---------+-------+---------+---------+-------
